 Dungeon Crawl Stone Soup version 0.30-b1-2-g02819fbbbe (webtiles) character file.

Game seed: 16034362555868675435

109 Bixorta the Chopper (level 4, -2/58 HPs)
             Began as a Minotaur Berserker on Nov 12, 2023.
             Was a Believer of Trog.
             Succumbed to a gnoll's poison
             ... on level 3 of the Dungeon.
             The game lasted 00:05:43 (1415 turns).

Bixorta the Chopper (Minotaur Berserker)            Turns: 1415, Time: 00:05:44

Health: -2/58      AC: 12    Str: 23    XL:     4   Next: 60%
Magic:  3/3        EV:  7    Int:  4    God:    Trog [**....]
Gold:   194        SH:  0    Dex: 10    Spells: 3/3 levels left

rFire   . . .        a - +0 hand axe
rCold   . . .        (no shield)
rNeg    . . .        k - +0 plate armour
rPois   .            (helmet restricted)
rElec   .            g - +0 cloak
rCorr   .            (no gloves)
SInv    .            (no boots)
Will    .....        (no amulet) Stlth
                     (no ring)
HPRegen 0.29/turn    (no ring)
MPRegen 0.08/turn

%: no passive effects
@: berserking (expiring), lethally poisoned (-2 -> -30), very quick
A: horns 2, retaliatory headbutt
a: Renounce Religion, Berserk, Trog's Hand


You were on level 3 of the Dungeon.
You worshipped Trog.
Trog was pleased with you.
You visited 1 branch of the dungeon, and saw 3 of its levels.

You collected 194 gold pieces.

Inventory:

Hand Weapons
 a - a +0 hand axe (weapon)
Armour
 g - a +0 cloak (worn)
 k - a +0 plate armour (worn)
Scrolls
 e - a scroll of enchant armour
Potions
 c - a potion of haste {unknown}
 d - 2 potions of magic
 f - a potion of curing (quivered)
 h - a potion of attraction {unknown}
 i - 3 potions of mutation {unknown}
 j - a potion of berserk rage {unknown}
 l - a potion of brilliance {unknown}


   Skills:
 - Level 3.6 Fighting
 + Level 6.5 Axes
 - Level 2.4 Armour
 - Level 2.1 Dodging


You had 3 spell levels left.
You didn't know any spells.
Your spell library was empty.

Dungeon Overview and Level Annotations

Branches:
Dungeon (3/15)

Altars:


Innate Abilities, Weirdness & Mutations

You have a pair of horns on your head.
You reflexively headbutt those who attack you in melee.


Message History

The gnoll bouda barks out a call to the hunt!
The gnolls pick up the pace!
The gnoll hits you but does no damage.
You are more poisoned.
A red film seems to cover your vision as you go berserk!
You feel yourself moving faster!
You feel mighty!
You feel very sick.
The gnoll hits you from afar with a +1 spear of venom.
You are more poisoned.
You closely miss the gnoll bouda.
You feel very sick.
You hit the gnoll bouda. You headbutt the gnoll bouda.
The gnoll bouda is heavily wounded.
You feel very sick.
The gnoll hits you from afar with a +1 spear of venom.
You completely miss the gnoll bouda.
The gnoll bouda is heavily wounded.
You feel very sick.
The gnoll bouda hits you with a +0 club.
The gnoll hits you from afar with a +1 spear of venom.
* * * LOW HITPOINT WARNING * * *
You are more poisoned.
You slash the gnoll bouda!
You kill the gnoll bouda!
Trog accepts your kill.
* * * LOW HITPOINT WARNING * * *
You feel very sick.
You barely miss the gnoll. You headbutt the gnoll!
The gnoll is severely wounded.
* * * LOW HITPOINT WARNING * * *
You feel very sick. The gnoll hits you but does no damage.
You are more poisoned.
The gnoll hits you but does no damage. The gnoll completely misses you.
You hit the gnoll but do no damage.
The gnoll is severely wounded.
* * * LOW HITPOINT WARNING * * *
You feel very sick. The gnoll completely misses you.
You die... ##+## # ##...## ## ##.....## .# ....... ## ..g.. # ggg

#+# #g# ##.## ##.# #
##.#.## ##@#+
##+##.#.#.##+##.#.#
.#.#.#.#.#.#.#.#.#.#
#.#.#.#.#.#.#.#.#.#.#
#.#..<#..#.##########
#.#####[.#.#
#........#.#
########.#.# #.#
#.#.#


You could see 4 gnolls.

Vanquished Creatures
  A gnoll bouda (D:3)
  Robin (D:2)
  2 adders (D:2)
  A dart slug (D:1)
  4 endoplasms
  2 giant cockroaches (D:1)
  10 goblins
  6 hobgoblins
  4 jackals (D:2)
  2 kobolds (D:1)
  2 quokkas
  6 ball pythons
  3 bats
  2 frilled lizards
46 creatures vanquished.

Notes
Turn   | Place    | Note
-------+----------+-------------------------------------------
     0 | D:1      | Bixorta the Minotaur Berserker began the quest for the Orb.
     0 | D:1      | Reached XP level 1. HP: 19/19 MP: 0/0
   102 | D:1      | Reached skill level 4 in Axes
   265 | D:1      | Reached XP level 2. HP: 22/26 MP: 1/1
   628 | D:1      | Reached skill level 5 in Axes
   886 | D:2      | Reached XP level 3. HP: 31/31 MP: 2/2
   887 | D:2      | Reached ** piety under Trog
  1070 | D:2      | Noticed Robin
  1080 | D:2      | Killed Robin
  1086 | D:2      | Reached skill level 6 in Axes
  1086 | D:2      | Reached XP level 4. HP: 39/39 MP: 3/3
  1414 | D:3      | HP: 2/58 [poisoned by a gnoll]
  1415 | D:3      | Succumbed to a gnoll's poison

Illustrated notes

Levels and vault maps discovered:
D:1:      amcnicky_arrival_blooded_trapdoor, layout_loops_ring, st_stairs_11,
          minmay_unequal
D:2:      layout_basic, uniq_robin
D:3:      layout_basic, mainiacjoe_overflow_tiny_flanked, nicolae_hexahallways,
          dreamdust_wishing_well

Skill      XL: |  1  2  3 |
---------------+----------+-----
Axes           | 4 5 6 |  6.5
Fighting       | |  3.6
Armour         | |  2.4
Dodging        | |  2.1

Action                     |  1- 3 |  4- 6 || total
---------------------------+-------+-------++-------
  Melee: Hand axe          |    70 |    18 ||    88
         Headbutt          |    12 |     2 ||    14
 Invoke: Berserk           |     1 |     1 ||     2
    Use: Scroll            |     7 |       ||     7
 Armour: Animal skin       |    13 |     1 ||    14
         Plate armour      |       |     6 ||     6
  Dodge: Dodged            |    31 |     6 ||    37
